 Dungeon Crawl Stone Soup version 0.20.0 (webtiles) character file.

2381 Llamajah the Protected (level 9, -2/74 (75) HPs)
             Began as a Minotaur Fighter on July 18, 2017.
             Slain by a killer bee (6 damage)
             ... on level 7 of the Dungeon.
             The game lasted 00:14:19 (5501 turns).

Llamajah the Protected (Minotaur Fighter)           Turns: 5501, Time: 00:14:20

HP:   -2/74 (75)    AC: 17    Str: 26    XL:     9   Next: 22%
MP:   8/8           EV:  4    Int:  5    God:
Gold: 299           SH: 17    Dex: 13    Spells: 8/8 levels left

rFire    . . .     SeeInvis .   a - +1 war axe
rCold    + . .     Gourm    .   u - +0 large shield
rNeg     . . .     Faith    .   E - +0 plate armour
rPois    .         Spirit   .   (helmet restricted)
rElec    .         Reflect  .   (no cloak)
rCorr    .         Harm     .   j - +0 pair of gloves
MR       .....                  b - +1 pair of boots
Stlth    ..........             t - amulet of rage
Regen    0.3/turn               q - ring of protection from cold
MPRegen  0.2/turn               B - -3 ring of evasion (curse)

@: mighty, lethally poisoned (-2 -> -25), drained
A: retaliatory headbutt, horns 2
a: Evoke Berserk Rage


You were on level 7 of the Dungeon.
You were not hungry.

You visited 1 branch of the dungeon, and saw 7 of its levels.

You collected 299 gold pieces.

Inventory:

Hand Weapons
 a - a +1 war axe (weapon)
 n - a +0 hunting sling
 x - the +7 war axe "Coihuc" {freeze, rC+ Dex-5 SInv}
   (You acquired it on level 6 of the Dungeon)

   It has been specially enchanted to freeze those struck by it, causing extra
   injury to most foes and up to half again as much damage against particularly
   susceptible opponents.
   It can also slow down cold-blooded creatures.
   It affects your dexterity (-5).
   It protects you from cold.
   It lets you see invisible.
Missiles
 m - 68 sling bullets
Armour
 b - a +1 pair of boots (worn)
 j - a +0 pair of gloves (worn)
 u - a +0 large shield (worn)
 E - a +0 plate armour (worn)
Jewellery
 l - an uncursed ring of positive energy
 q - a ring of protection from cold (left hand)
 t - an amulet of rage (around neck)
 B - a cursed -3 ring of evasion (right hand)
Scrolls
 c - a scroll of amnesia
 e - 2 scrolls of immolation
 i - 3 scrolls of teleportation
 k - 3 scrolls of magic mapping
 o - 2 scrolls of enchant weapon
 p - 2 scrolls of fog
 v - 4 scrolls of identify
Potions
 d - 2 potions of might
 g - 3 potions of curing
 h - 2 potions of lignification
 r - 2 potions of flight
 w - a potion of agility {unknown}
 z - a potion of brilliance {unknown}
 A - 2 potions of cancellation {unknown}
 C - 2 potions of mutation {unknown}
Comestibles
 f - 10 bread rations
 s - a chunk of flesh


   Skills:
 + Level 5.8(5.7) Fighting
 + Level 5.8(5.6) Axes
 + Level 4.0(3.8) Slings
 * Level 8.2(8.1) Armour
 * Level 6.1(6.0) Dodging
 * Level 7.7(7.6) Shields


You had 8 spell levels left.
You didn't know any spells.

Dungeon Overview and Level Annotations

Branches:
Dungeon (7/15)
 Temple: D:4-7

Altars:
Fedhas


Innate Abilities, Weirdness & Mutations

You reflexively headbutt those who attack you in melee.
You have a pair of horns on your head.


Message History

You feel sick. You block the killer bee's attack. x3
The killer bee barely misses you.
The killer bee stings you but does no damage.
The killer bee stings you!
* * * LOW HITPOINT WARNING * * *
The killer bee stings you.
* * * LOW HITPOINT WARNING * * *
You are more poisoned.
The killer bee poisons you!
You closely miss the killer bee.
The killer bee is severely wounded.
You miss the killer bee. x2
* * * LOW HITPOINT WARNING * * *
You feel very sick. You block the killer bee's attack.
The killer bee stings you.
* * * LOW HITPOINT WARNING * * *
You block the killer bee's attack. The killer bee completely misses you.
The killer bee stings you but does no damage.
The killer bee stings you.
You die...

#..........#
##..........#
...........#
##..........#
#...........#
.###...........#
......y..).....#
#.y@.......#
#..y.......#
##.[.#######
###...## #.
##.....# ..#.
###..#..## ....
#......## #..##
#.##.###
##...####.##(#


You could see 3 killer bees.

Vanquished Creatures
  The ghost of dadajohnson the Chopper, an amateur HOMo of Beogh (D:3)
  Prince Ribbit (D:6)
  The ghost of Zerd the Magician, an amateur DEWz (D:4)
  Sigmund (D:5)
  The ghost of enozym the Ruffian, an amateur TrFi (D:5)
  An ice beast (D:6)
  3 ogres
  A necrophage (D:5)
  A phantom (D:5)
  Blork the orc (D:5)
  A scorpion (D:5)
  A killer bee (D:7)
  5 wights (D:6)
  4 howler monkeys
  2 hounds
  2 orc priests
  A jelly (D:6)
  An iguana (D:5)
  4 orc wizards
  2 worker ants
  6 adders
  A howler monkey skeleton (D:6)
  A worm (D:3)
  2 dart slugs
  3 leopard geckos
  18 orcs
  2 ball pythons
  A giant cockroach (D:2)
  4 hobgoblins
  14 jackals
  3 quokkas
  2 bats
  4 frilled lizards
  7 goblins
  2 jackal skeletons (D:4)
  10 kobolds
  3 rats
118 creatures vanquished.

Notes
Turn   | Place    | Note
-------+----------+-------------------------------------------
     0 | D:1      | Llamajah the Minotaur Fighter began the quest for the Orb.
     0 | D:1      | Reached XP level 1. HP: 19/19 MP: 0/0
     0 | D:1      | Noticed a centaur
     3 | D:1      | Noticed an elf
     3 | D:1      | Noticed an ogre
     5 | D:1      | Noticed an octopode
     6 | D:1      | Noticed a vine stalker
     7 | D:1      | Noticed a formicid
     8 | D:1      | Noticed a vampire
    10 | D:1      | Noticed a vampire
    12 | D:1      | Noticed a felid
    14 | D:1      | Noticed a naga
    14 | D:1      | Noticed a vine stalker
    16 | D:1      | Noticed a troll
    18 | D:1      | Noticed a vampire
    21 | D:1      | Noticed a centaur
   407 | D:1      | Reached skill level 1 in Dodging
   409 | D:1      | Reached XP level 2. HP: 26/26 MP: 1/1
   558 | D:1      | Reached skill level 4 in Armour
  1072 | D:2      | Reached XP level 3. HP: 14/33 MP: 2/2
  1707 | D:2      | Reached XP level 4. HP: 37/40 MP: 3/3
  2297 | D:3      | Noticed dadajohnson's ghost (amateur HOMo)
  2303 | D:3      | Killed dadajohnson's ghost
  2303 | D:3      | Reached skill level 1 in Slings
  2303 | D:3      | Reached skill level 5 in Armour
  2303 | D:3      | Reached XP level 5. HP: 32/46 MP: 4/4
  2303 | D:3      | Reached XP level 6. HP: 37/52 MP: 5/5
  2642 | D:3      | Reached skill level 5 in Shields
  2981 | D:4      | Reached skill level 6 in Armour
  2981 | D:4      | Reached XP level 7. HP: 30/59 MP: 6/6
  2983 | D:4      | Noticed Zerd's ghost (amateur DEWz)
  2991 | D:4      | Killed Zerd's ghost
  3681 | D:5      | Entered Level 5 of the Dungeon
  3755 | D:5      | Noticed Blork the orc
  3762 | D:5      | Noticed Sigmund
  3763 | D:5      | Killed Blork the orc
  3763 | D:5      | Reached XP level 8. HP: 53/67 MP: 7/7
  3775 | D:5      | Noticed enozym's ghost (amateur TrFi)
  3776 | D:5      | Killed Sigmund
  3776 | D:5      | Reached skill level 7 in Armour
  3781 | D:5      | Reached skill level 5 in Fighting
  3781 | D:5      | Reached skill level 5 in Dodging
  3808 | D:5      | Killed enozym's ghost
  3815 | D:5      | Reached skill level 5 in Axes
  4810 | D:6      | Identified a scroll of acquirement
  4813 | D:6      | Got a crude war axe
  4814 | D:6      | Identified the +7 war axe "Coihuc" {freeze, rC+ Dex-5 SInv} (You acquired it on level 6 of the Dungeon)
  4824 | D:6      | Found a blossoming altar of Fedhas.
  4856 | D:6      | Noticed Prince Ribbit
  4868 | D:6      | Killed Prince Ribbit
  5000 | D:6      | Reached XP level 9. HP: 36/73 MP: 8/8
  5457 | D:7      | Reached skill level 8 in Armour
  5501 | D:7      | Slain by a killer bee

Skill      XL: |  1  2  3  4  5  6  7  8  9 |
---------------+----------------------------+-----
Dodging        | 1 2 3 4 5 6 |  6.1
Armour         | 4 5 6 7 8 |  8.2
Shields        | 4 5 6 7 |  7.7
Fighting       | 4 5 |  5.8
Axes           | 3 4 5 |  5.8
Slings         | 1 2 3 4 |  4.0

Action                   |  1- 3 |  4- 6 |  7- 9 || total
-------------------------+-------+-------+-------++-------
Melee: War axe           |    89 |    87 |   161 ||   337
       Headbutt          |     7 |    19 |    25 ||    51
  Use: Potion            |       |     2 |     4 ||     6
       Scroll            |       |       |    13 ||    13
  Eat: Chunk             |     3 |     4 |     4 ||    11
       Royal jelly       |       |       |     1 ||     1
       Meat ration       |       |       |     1 ||     1
Armor: Scale mail        |    40 |    16 |       ||    56
       Chain mail        |       |    28 |    32 ||    60
       Plate armour      |       |       |    77 ||    77
Dodge: Dodged            |    28 |    21 |    34 ||    83
Block: Shield            |    64 |    42 |    43 ||   149
       Large shield      |       |       |    81 ||    81
